 Dungeon Crawl Stone Soup version 0.27.0-1-g7a089689b8 (webtiles) character file.

Game seed: 17126520951852979119

69 horus123 the Skirmisher (level 4, -5/35 HPs)
             Began as a Demonspawn Abyssal Knight on Aug 15, 2021.
             Was a Believer of Lugonu.
             Slain by Jessica (7 damage)
             ... on level 2 of the Dungeon.
             The game lasted 00:02:59 (1444 turns).

horus123 the Skirmisher (Demonspawn Abyssal Knight) Turns: 1444, Time: 00:03:00

Health: -5/35      AC:  6    Str: 13    XL:     4   Next: 2%
Magic:  5/5        EV: 10    Int: 14    God:    Lugonu [**....]
Gold:   55         SH:  4    Dex: 12    Spells: 3/3 levels left

rFire    . . .     SeeInvis .   a - +1 mace
rCold    . . .     Faith    .   (no shield)
rNeg     . . .     Spirit   .   d - +0 ring mail
rPois    .         Reflect  .   (no helmet)
rElec    .         Harm     .   (no cloak)
rCorr    .         Rampage  .   c - +0 pair of gloves
Will     .....                  (no boots)
Stlth    +.........             (no amulet)
HPRegen  0.11/turn              (no ring)
MPRegen  0.09/turn              (no ring)

@: slowed, very slow
A: talons 1, condensation shield
a: Renounce Religion, Depart the Abyss, Bend Space


You were on level 2 of the Dungeon.
You worshipped Lugonu.
Lugonu was pleased with you.
You visited 1 branch of the dungeon, and saw 2 of its levels.
You visited the Abyss 1 time.

You collected 55 gold pieces.

Inventory:

Hand Weapons
 a - a +1 mace (weapon)
Missiles
 f - 4 curare-tipped darts
Armour
 c - a +0 pair of gloves (worn)
 d - a +0 ring mail (worn)
Scrolls
 g - 2 scrolls of identify {unknown}
 h - 2 scrolls of teleportation {unknown}
Potions
 b - a potion of degeneration {unknown}
 e - a potion of experience {unknown}


   Skills:
 + Level 3.5 Fighting
 + Level 2.7 Maces & Flails
 + Level 2.6 Armour
 + Level 1.1 Dodging
 + Level 2.5 Invocations


You had 3 spell levels left.
You didn't know any spells.
Your spell library was empty.

Dungeon Overview and Level Annotations

Branches:
Dungeon (2/15)

Altars:

Shops:
D:1 [

Annotations:
D:2 Jessica


Innate Abilities, Weirdness & Mutations

You have sharp toenails.
A meltable shield of frost defends you. (SH +4)


Message History

Terence is severely wounded.
Terence hits you with a +0 short sword. The kobold hits you but does no damage.
You block Terence's attack.
You are too injured to fight recklessly!
You are too injured to fight recklessly!
You hit Terence. Your kick misses Terence.
Terence is almost dead.
You block the kobold's attack.
Jessica gestures wildly while chanting.
Jessica blinks!
Terence hits you but does no damage.
You hit Terence but do no damage. You claw Terence, but do no damage.
Terence is almost dead.
The kobold hits you with a +0 short sword.
Jessica barely misses you. Terence hits you but does no damage.
You hit Terence.
You kill Terence!
Lugonu accepts your kill.
The kobold hits you with a +0 short sword.
* * * LOW HITPOINT WARNING * * *
Jessica hits you but does no damage.
The kobold hits you with a +0 short sword.
* * * LOW HITPOINT WARNING * * *
Jessica gestures at you while chanting.
You feel yourself slow down.
You have reached level 4!
You feel clever.
You hit the kobold. You claw the kobold.
You kill the kobold!
Lugonu accepts your kill. Jessica barely misses you.
You block Jessica's attack.
You closely miss Jessica. You claw Jessica.
Jessica is moderately wounded.
Jessica hits you with a +0 club.
* * * LOW HITPOINT WARNING * * *
Jessica hits you with a +0 club.
* * * LOW HITPOINT WARNING * * *
You closely miss Jessica.
Jessica is moderately wounded.
Jessica hits you with a +0 club!
You die...

.. .. #.# .# #.#
##.## #.# #...# #.#
#...# # . #.#
####...#.#..
##.#####...).......
#.........@@)......
#...####.........##
##..# ###.....###
#..######.........
#............#####
##.########.## #.#
.# #.#### .# #....#
..


You could see Jessica.

Vanquished Creatures
  Terence (D:2)
  A dart slug (D:1)
  4 ball pythons
  2 endoplasms (D:1)
  5 giant cockroaches
  5 goblins
  6 hobgoblins
  5 kobolds
  A bat (D:1)
  3 frilled lizards (D:1)
  3 rats (D:1)
36 creatures vanquished.

Vanquished Creatures (others)
  4 demonic plants (D:2)
  3 withered plants (D:2)
7 creatures vanquished.

Grand Total: 43 creatures vanquished

Notes
Turn   | Place    | Note
-------+----------+-------------------------------------------
     0 | Abyss:1  | horus123 the Demonspawn Abyssal Knight began the quest for
                  | the Orb.
     0 | Abyss:1  | Reached XP level 1. HP: 18/18 MP: 2/2
   129 | Abyss:1  | Noticed a large abomination
   132 | D:1      | Escaped the Abyss
   188 | D:1      | Reached * piety under Lugonu
   322 | D:1      | Gained mutation: A meltable shield of frost defends you.
                  | (SH +4) [demonic ancestry]
   322 | D:1      | Reached XP level 2. HP: 23/24 MP: 3/3
   986 | D:1      | Found Datah's Antique Armour Boutique.
   997 | D:1      | Gained mutation: You have sharp toenails. [demonic
                  | ancestry]
   997 | D:1      | Reached XP level 3. HP: 26/29 MP: 4/4
  1420 | D:2      | Reached skill level 1 in Dodging
  1428 | D:2      | Noticed Terence
  1429 | D:2      | Reached ** piety under Lugonu
  1433 | D:2      | Noticed Jessica
  1441 | D:2      | Killed Terence
  1442 | D:2      | Reached XP level 4. HP: 7/35 MP: 5/5
  1444 | D:2      | Slain by Jessica

Illustrated notes

Levels and vault maps discovered:
D:1:      shiori_arrival_oz, layout_basic, serial_shops, shop,
          minmay_misc_feat_secret_circle, minmay_tripent
D:2:      layout_loops_ring, serial_glass, glass_columns_b, glass_columns_b,
          glass_columns_a, glass_columns_a, glass_columns_a,
          shapermc_ecumenical_altar_gd, guppyfry_early_orc_mine, uniq_terence,
          uniq_jessica

Skill      XL: |  1  2  3 |
---------------+----------+-----
Armour         | 2 |  2.6
Maces & Flails | 2 |  2.7
Dodging        | 1 |  1.1
Fighting       | |  3.5
Invocations    | |  2.5

Action                   |  1- 3 |  4- 6 || total
-------------------------+-------+-------++-------
Melee: Mace              |    98 |     3 ||   101
       Kick              |     8 |     2 ||    10
Invok: Depart the Abyss  |     1 |       ||     1
Armor: Ring mail         |    42 |       ||    42
Dodge: Dodged            |    66 |     1 ||    67
Block: Other             |    10 |     1 ||    11
